 Dungeon Crawl Stone Soup version 0.17.0-28-g6e173f8 (webtiles) character file.

95 septik the Digger (level 4, 0/24 HPs)
             Began as a Gargoyle Earth Elementalist on Nov 23, 2015.
             Slain by a river rat (6 damage)
             ... in a sewer.
             The game lasted 00:04:43 (2169 turns).

septik the Digger (Gargoyle Earth Elementalist)     Turns: 2169, Time: 00:04:43

Health: 0/24       AC:  6    Str: 12    XL:     4   Next: 65%
Magic:  1/9        EV: 12    Int: 16    God:
Gold:   115        SH:  0    Dex: 10    Spells: 1 memorised, 9 levels left

rFire  . . .     SeeInvis .     (no weapon)
rCold  . . .     Clarity  .     a - +0 robe
rNeg   + . .     SustAt   .     (no shield)
rPois  ∞         Gourm    .     (no helmet)
rElec  +         Spirit   .     (no cloak)
rCorr  .         Warding  .     (no gloves)
rMut   .         Stasis   .     e - +0 pair of boots
MR     .....                    (no amulet)
Stlth  ++........               (no ring)
                                (no ring)

@: not resistant to hostile enchantments, unstealthy
A: negative energy resistance 1, electricity resistance, unbreathing,
petrification resistance, rot immunity, AC +3
a: no special abilities


You were in a sewer.
You were not hungry.

You visited 1 branch of the dungeon, and saw 3 of its levels.
You also visited: Sewer.

You collected 115 gold pieces.

Inventory:

Missiles
 b - 90 stones (quivered)
Armour
 a - a +0 robe (worn)
 e - a +0 pair of boots (worn)
Jewellery
 h - an uncursed ring of fire {unknown}
Scrolls
 m - a scroll of enchant weapon {unknown}
 n - a scroll of identify {unknown}
Potions
 f - 2 potions of cancellation {unknown}
 g - a potion of mutation {unknown}
 j - 2 potions of heal wounds {unknown}
 k - 4 potions of curing {unknown}
Books
 c - a book of Geomancy

   Spells                             Type                      Level
   a - Sandblast                      Earth                        1
   b - Stoneskin                      Transmutation/Earth          2
   c - Passwall                       Transmutation/Earth          3
   d - Stone Arrow                    Conjuration/Earth            3
   e - Petrify                        Transmutation/Earth          4
   f - Lee's Rapid Deconstruction     Earth                        5
Comestibles
 d - a bread ration
 i - 2 meat rations
 l - 3 chunks of flesh


   Skills:
 - Level 1.5 Dodging
 - Level 2.1 Stealth
 * Level 3.7 Spellcasting
   Level 0.7 Transmutations
 + Level 4.7 Earth Magic


You had 9 spell levels left.
You knew the following spells:

 Your Spells              Type           Power        Failure   Level  Hunger
a - Sandblast             Erth           ###...       2%          1    None


Dungeon Overview and Level Annotations

Branches:
Dungeon (3/15)

Altars:
Cheibriados
Xom


Innate Abilities, Weirdness & Mutations

You are resistant to torment.
Your stone body is resilient (AC +3).
You are immune to poison.
You resist negative energy.
You are resistant to electric shocks.
You can survive without breathing.
You are immune to petrification.
You are immune to rotting.


Message History

Aiming: Sandblast
Press: ? - help, Shift-Dir - straight line, f/p - river rat
Aim: a river rat (heavily wounded)
The blast of sand hits the river rat.
The river rat is lightly wounded.
The river rat bites you!
* * * LOW HITPOINT WARNING * * *
You barely miss the river rat.
The river rat is lightly wounded.
The river rat barely misses you.
You closely miss the river rat.
The river rat is lightly wounded.
The river rat closely misses you.
You barely miss the river rat.
The river rat is lightly wounded.
The river rat closely misses you.
You hit the river rat but do no damage.
The river rat is lightly wounded.
The river rat bites you.
You die...

##....≈≈≈≈≈≈
#.....≈≈≈≈≈≈
#......≈≈≈≈≈
......≈≈≈≈≈
#.....≈≈≈≈≈
#.....≈≈≈≈≈
#.....≈≈≈≈
####.r...≈≈≈≈
#@###.....≈≈≈
#r###rr...≈≈≈
#rr#......≈≈≈
##r.......≈≈≈
##.......≈≈≈
##.....≈≈≈≈
#....≈≈≈≈≈
.....≈≈≈≈≈
#.....≈≈≈≈≈


You could see 2 river rats and 2 rats.

Vanquished Creatures
  6 adders
  A worm (D:2)
  A giant gecko (D:1)
  5 bats
  4 giant cockroaches (D:3)
  6 hobgoblins
  3 kobolds
  3 goblins (D:1)
  5 rats
34 creatures vanquished.

Notes
Turn   | Place    | Note
--------------------------------------------------------------
     0 | D:1      | septik the Gargoyle Earth Elementalist began the quest for the Orb.
     0 | D:1      | Reached XP level 1. HP: 10/10 MP: 3/3
   362 | D:1      | Reached XP level 2. HP: 9/15 MP: 0/5
   786 | D:1      | Reached skill level 4 in Earth Magic
  1129 | D:2      | Reached XP level 3. HP: 19/19 MP: 1/7
  1263 | D:2      | Found a shimmering altar of Xom.
  1263 | D:2      | Found a snail-covered altar of Cheibriados.
  1440 | D:2      | Reached XP level 4. HP: 24/24 MP: 5/9
  1908 | D:3      | Found a faded altar to an unknown god.
  1993 | D:3      | Found a glowing drain.
  2070 | Sewer    | Entered a sewer
  2169 | Sewer    | Slain by a river rat

Action                   |  1- 3 |  4- 6 || total
-------------------------+-------+-------++-------
Melee: Unarmed           |    18 |    41 ||    59
 Cast: Sandblast         |    47 |    37 ||    84
  Eat: Chunk             |     2 |     2 ||     4
